 Dungeon Crawl Stone Soup version 0.27-a0-906-g0a00ce863d (webtiles) character file.

Game seed: 16990035964131101306

49 septik the Chopper (level 3, 0/27 HPs)
             Began as a Demonspawn Gladiator on Apr 6, 2021.
             Killed from afar by an orc wizard (10 damage)
             ... with a puff of flame
             ... on level 3 of the Dungeon.
             The game lasted 00:02:16 (2273 turns).

septik the Chopper (Demonspawn Gladiator)           Turns: 2273, Time: 00:02:16

Health: 0/27       AC:  6    Str: 15    XL:     3   Next: 51%
Magic:  3/3        EV: 12    Int:  9    God:
Gold:   97         SH:  0    Dex: 14    Spells: 2/2 levels left

rFire    . . .     SeeInvis .   a - +0 war axe
rCold    . . .     Faith    .   (no shield)
rNeg     . . .     Spirit   .   t - +1 leather armour {rPois}
rPois    +         Reflect  .   c - +0 helmet
rElec    .         Harm     .   (no cloak)
rCorr    .         Rampage  .   (no gloves)
Will     .....                  m - +0 pair of boots
Stlth    +.........             (no amulet)
HPRegen  0.09/turn              (no ring)
MPRegen  0.16/turn              (no ring)

@: no status effects
A: magic regeneration
a: no special abilities


You were on level 3 of the Dungeon.
You visited 1 branch of the dungeon, and saw 3 of its levels.

You collected 97 gold pieces.

Inventory:

Hand Weapons
 a - a +0 war axe (weapon)
Missiles
 d - 3 throwing nets
 f - 43 stones (quivered)
Armour
 b - a +0 leather armour
 c - a +0 helmet (worn)
 m - a +0 pair of boots (worn)
 q - a +0 plate armour
 t - a +1 leather armour of poison resistance (worn)
Scrolls
 e - 2 scrolls of fear {unknown}
 g - 3 scrolls of amnesia {unknown}
 h - a scroll of acquirement {unknown}
 i - a scroll of enchant weapon {unknown}
 k - a scroll of magic mapping {unknown}
 o - a scroll of identify {unknown}
 p - 2 scrolls of brand weapon {unknown}
 r - a scroll of vulnerability {unknown}
Potions
 j - a potion of curing {unknown}
 l - 2 potions of degeneration {unknown}
 n - a potion of attraction {unknown}
 s - a potion of lignification {unknown}


   Skills:
 - Level 2.0 Fighting
 + Level 4.2 Axes
 - Level 1.7 Throwing
 - Level 2.6 Dodging


You had 2 spell levels left.
You didn't know any spells.
Your spell library was empty.

Dungeon Overview and Level Annotations

Branches:
Dungeon (3/15)

Altars:

Shops:
D:1 *


Innate Abilities, Weirdness & Mutations

You regenerate magic rapidly.


Message History

Found 11 gold pieces.
There is a stone staircase leading up here.
You now have 97 gold pieces (gained 11).
Something unseen opens the door.
An orc priest comes into view. It is wielding a +0 mace.
An orc priest is nearby!
The orc priest shouts!
You hear a shout!
The orc priest begins to cast a cantrip, but forgets the words!
You hear a shout!
An orc and an orc wizard come into view.
The orc shouts!
The orc wizard shouts!
The orc priest barely misses you.
You barely miss the orc priest. You hit the orc priest.
The orc priest is lightly wounded.
You closely miss the orc. The orc priest barely misses you.
The orc closely misses you.
You closely miss the orc priest.
The orc priest is lightly wounded.
You closely miss the orc. The orc priest closely misses you.
You closely miss the orc priest.
The orc priest is lightly wounded.
You hit the orc. The orc priest barely misses you.
An orc priest comes into view. It is wielding a +0 club.
The orc priest shouts!
You hit the orc.
The orc is almost dead.
You hit the orc priest. The orc hits you but does no damage.
The orc priest barely misses you.
The orc priest casts a cantrip, but nothing happens.
The orc barely misses you.
You hit the orc.
You kill the orc!
You barely miss the orc priest.
The orc priest invokes the aid of Beogh against you.
Beogh smites you!
Ouch! That really hurt!
The orc wizard casts a spell at you. The puff of flame hits you!
You die...

######## #......#
#......#
######......#
............#
............#
............#
...........@#
######..<..o'o.....
#......#######
#......o...
######.#### #.# #.#
#.#


You could see 2 orc priests and an orc wizard.

Vanquished Creatures
  An adder (D:2)
  A worm (D:2)
  A dart slug (D:1)
  An orc (D:3)
  4 ball pythons
  4 bats
  An endoplasm (D:1)
  3 giant cockroaches
  2 goblins
  5 hobgoblins (D:1)
  3 jackals (D:1)
  A kobold (D:2)
  A quokka (D:1)
  A frilled lizard (D:1)
  2 rats
31 creatures vanquished.

Notes
Turn   | Place    | Note
-------+----------+-------------------------------------------
     0 | D:1      | septik the Demonspawn Gladiator began the quest for the
                  | Orb.
     0 | D:1      | Reached XP level 1. HP: 16/16 MP: 1/1
    98 | D:1      | Found Xiwk's General Store.
   176 | D:1      | Reached skill level 3 in Axes
   297 | D:1      | Gained mutation: You regenerate magic rapidly. [demonic
                  | ancestry]
   297 | D:1      | Reached XP level 2. HP: 22/22 MP: 2/2
  1131 | D:1      | You fall into a shaft and drop 1 floor!
  1254 | D:1      | Reached XP level 3. HP: 27/27 MP: 3/3
  1346 | D:2      | Found a faded altar of an unknown god.
  1609 | D:2      | Reached skill level 4 in Axes
  2273 | D:3      | Killed from afar by an orc wizard

Illustrated notes

Levels and vault maps discovered:
D:1:      dpeg_arrival_three_smaller_balls, layout_basic, serial_shops, shop,
          minivault_27
D:2:      layout_loops_ring, basic_ecumenical_altar, minmay_door_square
D:3:      layout_basic, old_standard_altar, gammafunk_ghost_split,
          minmay_misc_feat_five, uniq_robin, uniq_sigmund, uniq_grinder,
          uniq_purgy

Skill      XL: |  1  2  3 |
---------------+----------+-----
Axes           | 3 4 |  4.2
Fighting       | |  2.0
Throwing       | |  1.7
Dodging        | |  2.6

Action                   || total
-------------------------++-------
Melee: War axe           ||    85
Armor: Leather armour    ||    14
       Plate armour      ||    18
Dodge: Dodged            ||    51

Table legend: (Time is in decaauts)
 A = Elapsed time spent in this place.
 B = Non-inter-level travel time spent in this place.
 C = Inter-level travel time spent in this place.
 D = Time resting spent in this place.
 E = Time spent auto-exploring this place.
 F = Levels seen in this place.
 G = Mean time per level.
                   A        B        C        D        E       F      G
               +--------+--------+--------+--------+--------+-----+--------+
         Total |   2300 |   2200 |    100 |     88 |   1854 |   3 |  766.7 |
       Dungeon |   2300 |   2200 |    100 |     88 |   1854 |   3 |  766.7 |
               +--------+--------+--------+--------+--------+-----+--------+

Top non-repeatable levels by time:
     D:1: 1350 daAuts
     D:2: 930 daAuts
     D:3: 19 daAuts
